 Dungeon Crawl Stone Soup version 0.29.0-10-g45618ea6d2 (webtiles) character file.

Game seed: 12001314487466172999

93 Zeldest the Shield-Bearer (level 4, -1/37 HPs)
             Began as a Formicid Fighter on Sept 2, 2022.
             Killed by divine providence
             ... invoked by an orc priest
              (12 damage)
             ... on level 3 of the Dungeon.
             The game lasted 00:01:23 (2540 turns).

Zeldest the Shield-Bearer (Formicid Fighter)        Turns: 2540, Time: 00:01:23

Health: -1/37      AC: 12    Str: 22    XL:     4   Next: 91%
Magic:  4/4        EV:  7    Int:  8    God:
Gold:   146        SH:  5    Dex: 13    Spells: 3/3 levels left

rFire   . . .      SeeInvis +   a - +0 war axe
rCold   . . .      Faith    .   c - +0 buckler
rNeg    . . .      Spirit   .   p - +3 chain mail
rPois   .          Reflect  .   (helmet unavailable)
rElec   .          Harm     .   (no cloak)
rCorr   .          Rampage  .   (no gloves)
Will    .....                   (no boots)
Stlth   ..........              (no amulet)
HPRegen 0.12/turn               (no ring)
MPRegen 0.09/turn               (no ring)

@: no status effects
A: permanent stasis, dig shafts and tunnels, antennae 3, four strong arms
a: Dig, Shaft Self


You were on level 3 of the Dungeon.
You visited 1 branch of the dungeon, and saw 3 of its levels.

You collected 146 gold pieces.

Inventory:

Hand Weapons
 a - a +0 war axe (weapon)
Armour
 c - a +0 buckler (worn)
 p - a +3 chain mail (worn)
Scrolls
 e - 2 scrolls of noise {unknown}
 f - 2 scrolls of butterflies {unknown}
 h - a scroll of poison {unknown}
 j - a scroll of torment {unknown}
 k - 4 scrolls of teleportation {unknown}
 l - a scroll of identify {unknown}
 n - a scroll of immolation {unknown}
 o - a scroll of enchant weapon {unknown}
Potions
 b - a potion of invisibility {unknown}
 d - 2 potions of might
 g - 4 potions of degeneration {unknown}
 i - a potion of mutation {unknown}
 m - a potion of berserk rage {unknown}
 q - a potion of heal wounds {unknown}


   Skills:
 + Level 3.9 Fighting
 * Level 3.3 Axes
 + Level 3.9 Armour
 + Level 4.7 Shields


You had 3 spell levels left.
You didn't know any spells.
Your spell library contained the following spells:

 Spells                   Type           Power      Damage    Failure   Level
 Gell's Gravitas          Tloc           0%         N/A       100%        3
 Lesser Beckoning         Tloc           0%         N/A       100%        3
 Teleport Other           Tloc           0%         N/A       100%        3


Dungeon Overview and Level Annotations

Branches:
Dungeon (3/15)

Altars:
Sif Muna


Innate Abilities, Weirdness & Mutations

You cannot be hasted, slowed, berserked, paralysed or teleported.
You can dig through walls and to a lower floor.
You have a pair of large antennae on your head. (SInv)
Your four strong arms can wield two-handed weapons with a shield.


Message History

You slash the adder!
You kill the adder!
No target in view!
No target in view!
You now have 146 gold pieces (gained 18).
HP restored. 2 orc priests and 2 jackals come into view.
An orc priest is wielding a +2 whip of draining.
The orc priest shouts! x2; The jackal barks! 2 orcs and a jackal come into view.
The orc shouts! x2; The jackal barks!
The orc priest invokes the aid of Beogh against you.
Pain shoots through your body!
There are monsters nearby!
The orc hits you but does no damage.
There are monsters nearby!
You closely miss the orc priest. You slash the orc!
You kill the orc!
You hit the orc priest. The orc priest barely misses you.
The orc priest calls down the wrath of Beogh upon you.
Pain shoots through your body! You block the orc priest's attack.
The orc priest attacks as you move away!
The orc priest hits you but does no damage.
The orc priest calls down the wrath of Beogh upon you.
Beogh smites you!
* * * LOW HITPOINT WARNING * * *
Okay, then.
The jackal attacks as you move away!
The jackal bites you but does no damage.
The jackal closely misses you. The jackal attacks as you move away!
You block the jackal's attack. The jackal bites you.
* * * LOW HITPOINT WARNING * * *
The orc priest calls upon Beogh to heal something.
The jackal bites you but does no damage.
The jackal attacks as you move away!
The jackal bites you but does no damage.
The orc priest invokes the aid of Beogh against you.
Beogh smites you!
You die...

#..# ######...##
... #..#
........## ..##
#..# ######..#
#.. # #...
........####....
#..#
######.........
#..# #.......>.#
#.†# #.######.##
#..########.# #
#ooho..h@...#
#.h##########
#..# .....#
#####.{##.h...##
..........)h.....
##########.....##
.....# ######


You could see 2 orc priests, an orc and 3 jackals.

Vanquished Creatures
  4 gnolls
  An adder (D:3)
  A worm (D:2)
  An orc (D:3)
  5 ball pythons
  2 bats
  2 endoplasms
  4 giant cockroaches
  2 goblins (D:1)
  4 hobgoblins (D:1)
  5 jackals (D:1)
  2 quokkas
  3 frilled lizards
  2 kobolds
  4 rats
42 creatures vanquished.

Notes
Turn   | Place    | Note
-------+----------+-------------------------------------------
     0 | D:1      | Zeldest the Formicid Fighter began the quest for the Orb.
     0 | D:1      | Reached XP level 1. HP: 18/18 MP: 1/1
    78 | D:1      | Reached XP level 2. HP: 23/24 MP: 2/2
   134 | D:1      | Found a faded altar of an unknown god.
   424 | D:1      | Reached XP level 3. HP: 18/29 MP: 3/3
  1983 | D:3      | Reached XP level 4. HP: 24/37 MP: 4/4
  2464 | D:3      | Found a shimmering blue altar of Sif Muna.
  2540 | D:3      | Killed from afar by an orc priest

Illustrated notes

Levels and vault maps discovered:
D:1:      dpeg_arrival_shrine, layout_basic,
          hellmonk_ecumenical_altar_heavens_door
D:2:      layout_basic, glass_columns_a, kennysheep_generic_room_3
D:3:      layout_loops_ring, lemuel_blue_sif_altar, nicolae_ru_path_of_blood,
          nicolae_figureground_pulse

Skill      XL: |  1  2  3  4 |
---------------+-------------+-----
Axes           | 3 |  3.3
Fighting       | |  3.9
Armour         | |  3.9
Shields        | |  4.7

Action                   |  1- 3 |  4- 6 || total
-------------------------+-------+-------++-------
Melee: War axe           |    94 |    27 ||   121
Armor: Scale mail        |    40 |     2 ||    42
       Chain mail        |       |    25 ||    25
Dodge: Dodged            |    36 |    15 ||    51
Block: Buckler           |    12 |     7 ||    19
